 Dungeon Crawl Stone Soup version 0.31.0-12-g77e489cdc1 (webtiles) character file.

Game seed: 2725780389113060014

456 BigDaddyOpFi the Sneak (level 7, 0/48 HPs)
             Began as an Octopode Fighter on Feb 21, 2024.
             Splashed by a jelly's acid (1 damage)
             ... on level 4 of the Dungeon.
             The game lasted 00:06:50 (3830 turns).

BigDaddyOpFi the Sneak (Octopode Fighter)           Turns: 3830, Time: 00:06:51

Health: 0/48       AC: -11   Str: 22    XL:     7   Next: 6%
Magic:  7/7        EV: 14    Int: 10    God:
Gold:   154        SH:  0    Dex: 13    Spells: 6/6 levels left

rFire   x . .        d - +4 dagger (speed)
rCold   + . .        (no shield)
rNeg    . . .        (helmet restricted)
rPois   .            (no amulet)
rElec   .            j - +6 ring of strength
rCorr   .            f - ring of ice
SInv    .            (no ring)
Will    .....        (no ring)
Stlth   ++++         (no ring)
HPRegen 0.28/turn    (no ring)
MPRegen 0.10/turn    (no ring)
                     (no ring)

%: no passive effects
@: corroded
A: almost no armour, amphibious, 8 rings, camouflage 1, gelatinous body 1,
(nimble swimmer 1), tentacles
a: no special abilities


You were on level 4 of the Dungeon.
You visited 1 branch of the dungeon, and saw 4 of its levels.

You collected 154 gold pieces.

Inventory:

Hand Weapons
 a - a +0 rapier
 c - a +2 war axe of electrocution
 d - a +4 dagger of speed (weapon)
 n - a +0 vampiric short sword
Missiles
 i - a throwing net
Armour
 b - a +0 buckler
 p - a +0 kite shield
Jewellery
 f - a ring of ice (right tentacle)
 j - a +6 ring of strength (left tentacle)
Wands
 k - a wand of roots (11) (quivered)
Scrolls
 e - 2 scrolls of identify
 g - a scroll of silence
 h - 2 scrolls of immolation
 m - a scroll of teleportation


   Skills:
 + Level 4.0 Fighting
 + Level 3.6 Short Blades
 + Level 4.4 Dodging
 * Level 6.4 Stealth
 - Level 3.0 Shields


You had 6 spell levels left.
You didn't know any spells.
Your spell library was empty.

Dungeon Overview and Level Annotations

Branches:
Dungeon (4/15)
 Temple: D:4-7

Altars:


Innate Abilities, Weirdness & Mutations

You cannot wear most types of armour.
You are amphibious.
You can wear up to eight rings at the same time.
Your skin changes colour to match your surroundings (Stealth+).
Your rubbery body absorbs attacks. (AC +1, EV +1)
((You are camouflaged when in or above water. (Stealth+)))
You have tentacles for arms and can constrict up to eight enemies at once.


Message History

Aiming: Fastroot
Press: ? - help, Q - select action, (/) - cycle Shift-Dir - straight line, f - jelly
Aim: a jelly (severely wounded)
The roots erupt in riotous growth!
The jelly is unaffected.
Aiming: Fastroot
Press: ? - help, Q - select action, (/) - cycle Shift-Dir - straight line, p - jelly The roots erupt in riotous growth!
The jelly is unaffected.
Aiming: Fastroot
Press: ? - help, Q - select action, (/) - cycle Shift-Dir - straight line, f - you
Okay, then.
You completely miss the jelly.
The jelly is severely wounded.
You hit the jelly. The acid corrodes you!
Your tentacles burn!
* * * LOW HITPOINT WARNING * * *
Your squeeze misses the jelly.
The jelly is almost dead.
The jelly barely misses you.
You hit the jelly but do no damage.
Your tentacles burn!
* * * LOW HITPOINT WARNING * * *
The jelly is almost dead.
You hit the jelly but do no damage.
Your tentacles burn!
* * * LOW HITPOINT WARNING * * *
You squeeze the jelly.
The jelly is almost dead.
The jelly barely misses you.
You aren't carrying any potions.
As you read the scroll labelled NUTTERIANG, it dissolves into smoke.
It was a scroll of fog.
The jelly barely misses you.
You hit the jelly but do no damage.
Your tentacles burn!
* * * LOW HITPOINT WARNING * * *
The jelly is almost dead.
You hit the jelly but do no damage.
Your tentacles burn!
* * * LOW HITPOINT WARNING * * *
The jelly is almost dead.
The jelly closely misses you.
You aren't carrying any potions.
Okay, then.
Okay, then.
You hit the jelly.
Your tentacles burn!
You die...

.............. #............
...##...##.#######............
##'##...######................
....#........#.........######
....#........#.........#
....#........#.........#
....#...######...§§....#
....#)..##...###§§§....#
....#..........#@J§....#
....#..........#§§.....#
....#..........#§......#
....#########..#.......#
............#..###.>.).#
............#....#.....#
............#....#.....#
............#....'.....#
............#...##.....#


You could see a jelly.

Vanquished Creatures
  A phantom (D:4)
  A hound (D:4)
  A bombardier beetle (D:4)
  A gnoll bouda (D:3)
  Jessica (D:3)
  An iguana (D:4)
  An orc wizard (D:3)
  Ijyb (D:3)
  Robin (D:3)
  8 gnolls
  An adder (D:3)
  2 dart slugs
  5 orcs
  6 endoplasms
  4 giant cockroaches
  15 goblins
  8 hobgoblins
  2 jackals (D:2)
  9 kobolds
  9 ball pythons
  3 bats
  3 frilled lizards
  7 rats
91 creatures vanquished.

Notes
Turn   | Place    | Note
-------+----------+-------------------------------------------
     0 | D:1      | BigDaddyOpFi the Octopode Fighter began the quest for the
                  | Orb.
     0 | D:1      | Reached XP level 1. HP: 16/16 MP: 1/1
    46 | D:1      | Reached skill level 1 in Stealth
   227 | D:1      | Reached XP level 2. HP: 21/21 MP: 2/2
   246 | D:1      | Reached skill level 2 in Stealth
   390 | D:1      | Reached XP level 3. HP: 23/26 MP: 3/3
  1037 | D:2      | Reached skill level 3 in Stealth
  1512 | D:2      | Found a faded altar of an unknown god.
  1703 | D:3      | Noticed Jessica
  1711 | D:3      | Killed Jessica
  1712 | D:3      | Reached XP level 4. HP: 23/31 MP: 4/4
  1840 | D:3      | Reached skill level 4 in Stealth
  1840 | D:3      | Reached XP level 5. HP: 16/36 MP: 5/5
  2510 | D:3      | Noticed Robin
  2526 | D:3      | Killed Robin
  2530 | D:3      | Reached skill level 5 in Stealth
  2796 | D:3      | Noticed Ijyb
  2805 | D:3      | Killed Ijyb
  2806 | D:3      | Reached XP level 6. HP: 28/42 MP: 6/6
  3474 | D:4      | Reached skill level 6 in Stealth
  3501 | D:4      | Reached XP level 7. HP: 25/48 MP: 7/7
  3828 | D:4      | HP: 2/48 [acid (4)]
  3830 | D:4      | Splashed by a jelly's acid

Illustrated notes

Levels and vault maps discovered:
D:1:      minmay_arrival_doors, layout_basic
D:2:      layout_loops_ring, shapermc_ecumenical_altar_mp_vishouse,
          minmay_pentomino_t4
D:3:      layout_loops_cross, minmay_unequal, uniq_ijyb, uniq_robin,
          uniq_jessica
D:4:      layout_gridville, uniq_menkaure

Skill      XL: |  1  2  3  4  5  6 |
---------------+-------------------+-----
Stealth        | 1 2 3 4 5 6 |  6.4
Short Blades   | 3 |  3.6
Dodging        | 4 |  4.4
Fighting       | 4 |  4.0
Shields        | |  3.0

Action                     |  1- 3 |  4- 6 |  7- 9 || total
---------------------------+-------+-------+-------++-------
  Melee: Dagger            |    64 |   119 |    18 ||   201
         Constrict         |    15 |    30 |       ||    45
         Tentacles         |     8 |    26 |     6 ||    40
         Rapier            |     2 |       |       ||     2
         Punch             |     1 |     2 |       ||     3
  Evoke: Wand              |       |       |     2 ||     2
    Use: Potion            |       |     3 |       ||     3
         Scroll            |       |     8 |     2 ||    10
   Stab: Sleeping          |    11 |     8 |       ||    19
         Distracted        |       |     1 |       ||     1
 Armour: Skin              |    21 |    57 |     5 ||    83
  Dodge: Dodged            |    28 |    44 |     7 ||    79
